 Dungeon Crawl Stone Soup version 0.20.1-1-g8b1a95d (webtiles) character file.

441 Kagerus the Slasher (level 7, 0/52 HPs)
             Began as a Human Fighter on July 28, 2017.
             Slain by Prince Ribbit (11 damage)
             ... on level 5 of the Dungeon.
             The game lasted 00:10:22 (4465 turns).

Kagerus the Slasher (Human Fighter)                 Turns: 4465, Time: 00:10:22

Health: 0/52       AC:  7    Str: 23    XL:     7   Next: 22%
Magic:  7/7        EV:  7    Int:  8    God:
Gold:   250        SH:  9    Dex: 13    Spells: 6/6 levels left

rFire    . . .     SeeInvis .   a - +1 long sword
rCold    . . .     Gourm    .   c - +0 shield
rNeg     . . .     Faith    .   b - +0 scale mail
rPois    .         Spirit   .   (no helmet)
rElec    .         Reflect  .   (no cloak)
rCorr    .         Harm     .   A - +0 pair of gloves
MR       .....                  (no boots)
Stlth    ..........             (no amulet)
Regen    0.2/turn               (no ring)
MPRegen  0.1/turn               (no ring)

@: mighty
A: no striking features
a: no special abilities


You were on level 5 of the Dungeon.
You were very hungry.

You visited 1 branch of the dungeon, and saw 5 of its levels.

You collected 250 gold pieces.

Inventory:

Hand Weapons
 a - a +1 long sword (weapon)
Armour
 b - a +0 scale mail (worn)
 c - a +0 shield (worn)
 r - the +1 robe "Zebahiru" {rC+, unknown}
   (You found it on level 5 of the Dungeon)

   It protects you from cold.
 A - a +0 pair of gloves (worn)
Scrolls
 h - a scroll of remove curse
 k - a scroll of blinking
 l - a scroll of fear
 m - a scroll of fog
 o - 3 scrolls of enchant weapon
 p - a scroll of magic mapping
 s - a scroll of immolation
 y - a scroll of identify
Potions
 e - 2 potions of curing
 j - a potion of agility
 n - a potion of flight {unknown}
 q - a potion of invisibility {unknown}
 t - 2 potions of lignification
 u - a potion of brilliance {unknown}
Comestibles
 f - 4 bread rations
 g - 6 royal jellies
 i - 4 meat rations
 w - 2 fruits


   Skills:
 - Level 3.0 Fighting
 - Level 7.3 Long Blades
 * Level 3.0 Armour
 + Level 3.0 Shields


You had 6 spell levels left.
You didn't know any spells.

Dungeon Overview and Level Annotations

Branches:
Dungeon (5/15)
 Temple: D:4-7

Altars:
Ru

Annotations:
D:5 Grinder, Prince Ribbit


Message History

Aim: Prince Ribbit (moderately wounded)
You throw a tomahawk. The tomahawk hits Prince Ribbit.
Prince Ribbit is heavily wounded.
You feel very mighty all of a sudden.
Prince Ribbit catches a fly with his tongue.
Prince Ribbit blinks!
You see here a tomahawk.
You closely miss Prince Ribbit.
Prince Ribbit is heavily wounded.
Prince Ribbit hits you!
* * * LOW HITPOINT WARNING * * *
Prince Ribbit hits you.
* * * LOW HITPOINT WARNING * * *
You feel better.
Prince Ribbit croaks regally.
You block Prince Ribbit's attack.
You barely miss Prince Ribbit.
Prince Ribbit is heavily wounded.
Prince Ribbit hits you!
You die...

#F ###############
#. #.........F...#
#o #)###########.#
#. #ยง# #.# #. #.#
#.# #. #.# #.#
#.####F###########.#
........#.....(F@..#
#########.##########
#.#....# #....#.#
######.# #########.#
#<........#
#########.# ###


You could see Prince Ribbit.

Vanquished Creatures
  2 scorpions (D:4)
  A howler monkey (D:5)
  2 hounds
  An iguana (D:4)
  A worker ant (D:5)
  4 gnolls (D:2)
  5 adders
  A shadow imp (D:5)
  An ooze (D:2)
  An adder skeleton (D:4)
  2 dart slugs
  4 leopard geckos
  6 orcs
  2 ball pythons (D:1)
  A giant cockroach (D:2)
  7 goblins
  11 hobgoblins
  7 jackals
  4 quokkas
  11 bats
  7 frilled lizards
  4 kobolds
  7 rats
92 creatures vanquished.

Notes
Turn   | Place    | Note
-------+----------+-------------------------------------------
     0 | D:1      | Kagerus the Human Fighter began the quest for the Orb.
     0 | D:1      | Reached XP level 1. HP: 18/18 MP: 1/1
    78 | D:1      | Reached XP level 2. HP: 19/24 MP: 2/2
   230 | D:1      | Reached skill level 3 in Long Blades
   403 | D:1      | Reached XP level 3. HP: 25/29 MP: 3/3
   983 | D:2      | Reached skill level 4 in Long Blades
   983 | D:2      | Reached XP level 4. HP: 29/35 MP: 4/4
  1315 | D:2      | Reached XP level 5. HP: 41/41 MP: 5/5
  1469 | D:2      | Reached skill level 5 in Long Blades
  2384 | D:4      | Found a sacrificial altar of Ru.
  2412 | D:4      | Reached XP level 6. HP: 25/47 MP: 6/6
  2798 | D:4      | Reached skill level 6 in Long Blades
  3393 | D:4      | Got a twisted robe
  3435 | D:3      | Identified the +4 robe of Hokeasuy {rC- rCorr Int+3 Dex+6} (You found it on level 4 of the Dungeon)
  3549 | D:5      | Entered Level 5 of the Dungeon
  3555 | D:5      | Noticed Grinder
  3566 | D:5      | Reached XP level 7. HP: 35/52 MP: 7/7
  3569 | D:5      | Reached skill level 7 in Long Blades
  3837 | D:5      | Got a shadowed robe
  3912 | D:5      | Paralysed by Grinder for 6 turns
  4401 | D:5      | Noticed Prince Ribbit
  4465 | D:5      | Slain by Prince Ribbit

Skill      XL: |  1  2  3  4  5  6  7 |
---------------+----------------------+-----
Long Blades    | 3 4 5 6 7 |  7.3
Fighting       | |  3.0
Armour         | |  3.0
Shields        | |  3.0

Action                   |  1- 3 |  4- 6 |  7- 9 || total
-------------------------+-------+-------+-------++-------
Melee: Long sword        |   105 |   238 |    49 ||   392
Throw: Tomahawk          |       |       |     3 ||     3
  Use: Scroll            |       |    12 |       ||    12
       Potion            |       |       |     3 ||     3
  Eat: Chunk             |       |     8 |     2 ||    10
       Fruit             |       |     1 |       ||     1
Armor: Scale mail        |    44 |   108 |    12 ||   164
Dodge: Dodged            |    31 |    71 |    15 ||   117
Block: Shield            |    50 |   101 |    15 ||   166
       Rpst.: Long sword |    16 |    19 |     3 ||    38
